AoeStats
← [SAPR] Janstonbeats

Arabian Desert

510091606Analyzed
1v1 RM · 2d ago on Sep 29, 2026· 34m 35s· 2 players
Game mode
Random Map
Map size
Tiny (2 player)
Population
200
Speed
Normal
Resources
Standard
Victory
Conquest
Starting age
Dark Age
Ending age
Imperial Age
RankedLock teamsTeams togetherTeam positionsShared explorationLock speedFull tech treeHidden civsTurbo modeCheats
Victory
Defeat
🇨🇴 Spanish · Colombia
1016
+19
🇫🇷 Magyars · France
1075
-19
[SAPR] Janstonbeats
5:56 Loom
8:36 Feudal Age
9:55 Double-Bit Axe
10:03 Horse Collar
19:15 Castle Age
18:34 Scale Barding Armor
20:03 Bloodlines
20:23 Bow Saw
20:56 Gold Mining
21:09 Heavy Plow
25:18 Chain Barding Armor
27:36 Husbandry
26:57 Light Cavalry
31:56 Fletching
31:48 Elite Skirmisher
Zero Vitae
9:08 Loom
11:30 Feudal Age
19:08 Castle Age
18:11 Fletching
19:06 Forging
19:12 Bloodlines
19:24 Double-Bit Axe
20:35 Husbandry
32:14 Pikeman
35:11 Padded Archer Armor
Connection lost

Rejoining the realm…

Still unreachable

The connection could not be restored.

Session expired

The server has moved on; the page needs a fresh start.